 Dungeon Crawl Stone Soup version 0.30-a0-586-g23e55c9e0a (webtiles) character file.

Game seed: 15605036125714038600

0 flotson the Sneak (level 1, -3/18 HPs)
             Began as a Demonspawn Delver on Jan 3, 2023.
             Slain by a hound (5 damage)
             ... on level 4 of the Dungeon.
             The game lasted 00:01:06 (94 turns).

flotson the Sneak (Demonspawn Delver)                 Turns: 94, Time: 00:01:06

Health: -3/18      AC:  3    Str: 12    XL:     1   Next: 0%
Magic:  1/1        EV: 11    Int: 11    God:
Gold:   0          SH:  0    Dex: 14    Spells: 0/0 levels left

rFire   . . .      SeeInvis .    a - +0 hand axe
rCold   . . .      Faith    .    (no shield)
rNeg    . . .      Spirit   .    b - +0 leather armour
rPois   .          Reflect  .    (no helmet)
rElec   .          Harm     .    (no cloak)
rCorr   .          Rampage  .    (no gloves)
Will    .....                    (no boots)
Stlth   ++                       (no amulet)
HPRegen 0.23/turn                (no ring)
MPRegen 0.07/turn                (no ring)

@: no status effects
A: no striking features
a: no special abilities


You were on level 4 of the Dungeon.
You visited 1 branch of the dungeon, and saw 2 of its levels.

Inventory:

Hand Weapons
 a - a +0 hand axe (weapon)
Armour
 b - a +0 leather armour (worn)
Jewellery
 e - a ring of see invisible
Wands
 d - a wand of charming (12)
 g - a wand of digging (3)
Scrolls
 c - a scroll of fog


   Skills:
 + Level 3.0 Fighting
 + Level 1.7 Axes
 + Level 0.0 Armour
 + Level 1.7 Dodging
 + Level 4.5 Stealth
 + Level 0.0 Evocations


You couldn't memorise any spells.
You didn't know any spells.
Your spell library was empty.

Dungeon Overview and Level Annotations

Branches:
Dungeon (5/15)
 Temple: D:4-7

Altars:


Message History

The hound barely misses you.
You closely miss the hound.
The hound is heavily wounded.
The hound barely misses you.
You hit the hound.
The hound is heavily wounded.
The hound closely misses you.
You barely miss the hound.
The hound is heavily wounded.
The hound misses you.
You barely miss the hound.
The hound is heavily wounded.
Your extra speed is starting to run out.
The hound bites you but does no damage. The hound barely misses you.
You closely miss the hound.
The hound is heavily wounded.
The hound barely misses you.
You barely miss the hound.
The hound is heavily wounded.
The hound bites you but does no damage.
You completely miss the hound.
The hound is heavily wounded.
The hound bites you. The hound bites you but does no damage.
You hit the hound.
The hound is severely wounded.
The hound bites you.
* * * LOW HITPOINT WARNING * * *
You closely miss the hound.
The hound is severely wounded.
You feel yourself slow down. The hound bites you.
* * * LOW HITPOINT WARNING * * *
You barely miss the hound.
The hound is severely wounded.
The hound closely misses you. The hound bites you.
* * * LOW HITPOINT WARNING * * *
You closely miss the hound.
The hound is severely wounded.
The hound bites you.
You die...

### ....#####
.......########
#....h@....####
##..o###......
###...##..##. ##
###.....###.... #.
###.....J....###..
...#.#.###### ....#
#........(.##.....
..........##........
#...###.#..........


You could see a hound and an orc.

Vanquished Creatures (others)
  2 demonic plants (D:5)
2 creatures vanquished.

Notes
Turn   | Place    | Note
-------+----------+-------------------------------------------
     0 | D:5      | flotson the Demonspawn Delver began the quest for the Orb.
     0 | D:5      | Reached XP level 1. HP: 18/18 MP: 1/1
     7 | D:5      | Noticed a centaur
    22 | D:5      | Noticed a phantom
    33 | D:5      | Noticed a hound
    44 | D:5      | Noticed an ice beast
    57 | D:5      | Noticed a quasit
    94 | D:4      | Slain by a hound

Illustrated notes

Levels and vault maps discovered:
D:4:      layout_rooms, overflow_temple_1_default, kennysheep_mini,
          jmf_multi_god_temple
D:5:      layout_layer_cave, nicolae_qazlal_scattered_showers, serial_demonic,
          serial_demonic_b, serial_demonic_e, serial_demonic_c,
          serial_demonic_b, serial_demonic_e, serial_demonic_g,
          serial_demonic_e, serial_demonic_a, serial_demonic_g, serial_demonic_d

Action                   || total
-------------------------++-------
Melee: Hand axe          ||    12
  Use: Scroll            ||     2
       Potion            ||     1
Armor: Leather armour    ||     4
Dodge: Dodged            ||    12

Table legend: (Time is in decaauts)
 A = Elapsed time spent in this place.
 B = Non-inter-level travel time spent in this place.
 C = Inter-level travel time spent in this place.
 D = Time resting spent in this place.
 E = Time spent auto-exploring this place.
 F = Levels seen in this place.
 G = Mean time per level.
                   A        B        C        D        E       F      G
               +--------+--------+--------+--------+--------+-----+--------+
         Total |     82 |     82 |      0 |      0 |      6 |   2 |   41.0 |
       Dungeon |     82 |     82 |      0 |      0 |      6 |   2 |   41.0 |
               +--------+--------+--------+--------+--------+-----+--------+

Top non-repeatable levels by time:
     D:5: 60 daAuts
     D:4: 21 daAuts
